 Dungeon Crawl Stone Soup version 0.32-a0-818-gb728d0252e (webtiles) character file.

Game seed: 15790224172040093897

45 Xavori the Trooper (level 3, 30/30 HPs)
             Began as a Djinni Chaos Knight on Mar 24, 2024.
             Was a Plaything of Xom.
             Quit the game on level 1 of the Dungeon.
             The game lasted 00:01:02 (8906 turns).

Xavori the Trooper (Djinni Chaos Knight)            Turns: 8906, Time: 00:01:02

Health: 30/30      AC:  7    Str: 11      XL:     3   Next: 90%
Gold:   11         EV: 11    Int: 12 (13) God:    Xom [*.....] SH:  0 Dex: 11 (12)

rFire   + + .        a - +0 falchion (chaos)
rCold   x x .        (no shield)
rNeg    . . .        b - +2 leather armour
rPois   ∞            (helmet restricted)
rElec   .            (no cloak)
rCorr   .            (no gloves)
SInv    .            (boots unavailable)
Will    .....        (no amulet)
Stlth   +            (no ring)
HPRegen 0.25/turn    (no ring)
MPRegen 0.00/turn

%: no passive effects
@: flying
A: sickness immunity, fire resistance 2, cold vulnerability 2, float, innate
caster, HP casting, extra vitality 1, beak, iridescent scales 1, clumsy 1
a: Renounce Religion


You were on level 1 of the Dungeon.
You worshipped Xom.
You were a special plaything of Xom.
You visited 1 branch of the dungeon, and saw 2 of its levels.

You collected 11 gold pieces.

Inventory:

Hand Weapons
 a - a +0 falchion of chaos (weapon)
Armour
 b - a +2 leather armour (worn)
Scrolls
 c - a scroll of butterflies
 e - a scroll of identify {unknown}
Potions
 d - a potion of brilliance {unknown}
 f - a potion of curing {unknown}


   Skills:
 + Level 3.2 Fighting
 + Level 2.9 Long Blades
 + Level 1.5 Armour
 + Level 2.5 Dodging
 * Level 1.2 Spellcasting
 * Level 1.2 Conjurations
 * Level 1.2 Hexes
   Level 0.0 Charms
 * Level 1.2 Summonings
 * Level 1.2 Necromancy
 * Level 1.2 Translocations
   Level 0.0 Transmutations
 * Level 1.2 Fire Magic
 * Level 1.2 Ice Magic
 * Level 1.2 Air Magic
 * Level 1.2 Earth Magic
 * Level 1.2 Alchemy


You knew the following spells:

 Your Spells              Type           Power      Damage    Failure   Level
a - Magic Dart            Conj           12%        1d3       24%         1
Your spell library was empty.

Dungeon Overview and Level Annotations

Branches:
Dungeon (2/15)

Altars:


Innate Abilities, Weirdness & Mutations

You are immune to sickness and miasma.
You are immune to poison.
Your flesh is very heat resistant. (rF++)
You are very vulnerable to cold. (rC--)
You float through the air rather than walking.
You learn spells naturally, not from books.
Your magical power is your life essence.
You have superior vitality. (+4 MHP)
You have a beak for a mouth.
You are partially covered in iridescent scales. (AC +2)
You are clumsy. (Dex -2)


Message History

"You have grown too confident for your meagre worth."
You feel dopey.
You start waiting.
You start waiting.
You start waiting.
Done waiting.
You start waiting. "Time to have some fun!"
A rat is nearby!
A rat is nearby!
A rat is nearby!
The rat bites you but does no damage. The rat bites you but does no damage.
You closely miss the rat. Your peck misses the rat. The rat bites you.
You hit the rat but do no damage. You peck the rat.
You kill the rat!
The rat's corpse disappears in a puff of smoke!
No target in view!
There is a stone staircase leading down here.
You see here 3 stones.
You start waiting.
Done waiting.
You start waiting.
Done waiting.
You start waiting.
Done waiting.
You start waiting.
Done waiting.
You start waiting.
Done waiting.
You start waiting.
Done waiting.
You start waiting. "You need some minor improvements, mortal!"
Your body is suffused with distortional energy.
Iridescent scales grow over part of your body.
You feel vulnerable to cold.
You start waiting.
Done waiting.
Are you sure you want to abandon this character and quit the game? (Confirm with "yes".)

#......#####..........#.#
#......# ######.....#.#
#......##########.....#.#
#.....................#.#
........####.#...÷....+.#
........# #.#........###
........# #.#........#
........####.#........#
................@....##
...#############.#####
....# #####.# ....#
#.....# ....# #.....#
##### ..#.########.....#
#.... ..#............[.#
#.### ..####...........#
#.### ..# #.......###.#
#.#..


There were no monsters in sight!

Vanquished Creatures
  3 dart slugs (D:1)
  An endoplasm (D:1)
  2 giant cockroaches (D:1)
  2 goblins (D:1)
  2 hobgoblins (D:1)
  3 jackals (D:1)
  3 kobolds (D:1)
  4 quokkas (D:1)
  2 ball pythons (D:1)
  7 bats (D:1)
  2 rats (D:1)
31 creatures vanquished.

Vanquished Creatures (collateral kills)
  A dart slug (D:1)
  A hobgoblin (D:1)
  A kobold (D:1)
3 creatures vanquished.

Grand Total: 34 creatures vanquished

Notes
Turn   | Place    | Note
-------+----------+-------------------------------------------
     0 | D:1      | Xavori the Djinni Chaos Knight began the quest for the Orb.
     0 | D:1      | Reached XP level 1. HP: 20/20 MP: 0/0
    27 | D:1      | Reached XP level 2. HP: 13/25 MP: 0/0
   131 | D:1      | Reached XP level 3. HP: 25/30 MP: 0/0
   131 | D:1      | Learned a level 1 spell: Magic Dart
   182 | D:1      | Reached skill level 1 in Spellcasting
   182 | D:1      | Reached skill level 1 in Conjurations
   182 | D:1      | Reached skill level 1 in Hexes
   182 | D:1      | Reached skill level 1 in Summonings
   182 | D:1      | Reached skill level 1 in Necromancy
   182 | D:1      | Reached skill level 1 in Translocations
   182 | D:1      | Reached skill level 1 in Fire Magic
   182 | D:1      | Reached skill level 1 in Ice Magic
   182 | D:1      | Reached skill level 1 in Air Magic
   182 | D:1      | Reached skill level 1 in Earth Magic
   182 | D:1      | Reached skill level 1 in Alchemy
   358 | D:1      | XOM: silly message
   388 | D:1      | XOM: silly message
  1135 | D:1      | XOM: silly message
  2360 | D:1      | XOM: scenery: 1 doors close
  2525 | D:1      | XOM: noise
  3094 | D:1      | XOM: silly message
  3266 | D:1      | XOM: give mutations
  3266 | D:1      | Gained mutation: You are strong-willed. (Will+) [Xom's
                  | grace]
  3266 | D:1      | Gained mutation: You have a beak for a mouth. [Xom's grace]
  3696 | D:1      | XOM: divination: detect creatures
  4025 | D:1      | XOM: god gift: scroll labelled JARE BYFFIFOU {god gift}
  5019 | D:1      | XOM: noise
  6335 | D:1      | XOM: silly message
  6938 | D:1      | XOM: god gift: 3 stones
  7204 | D:1      | XOM: give mutations
  7204 | D:1      | Gained mutation: You are clumsy. (Dex -2) [Xom's mischief]
  7204 | D:1      | Lost mutation: You are strong-willed. (Will+) [Xom's
                  | mischief]
  7480 | D:1      | XOM: stat loss: -1 Dex (11/12)
  7507 | D:1      | XOM is BORED!
  7784 | D:1      | XOM: give mutations
  7784 | D:1      | Gained mutation: You occasionally lose the ability to drink
                  | potions when taking damage. [Xom's mischief]
  7784 | D:1      | Lost mutation: You occasionally lose the ability to drink
                  | potions when taking damage. [Xom's mischief]
  7942 | D:1      | XOM: stat loss: -1 Int (12/13)
  8194 | D:1      | XOM: summons 1 hostile shadow creature
  8805 | D:1      | XOM: give mutations
  8805 | D:1      | Gained mutation: You are partially covered in iridescent
                  | scales. (AC +2) [Xom's mischief]
  8805 | D:1      | Gained mutation: You are very vulnerable to cold. (rC--)
                  | [Xom's mischief]
  8906 | D:1      | Quit the game

Illustrated notes

Levels and vault maps discovered:
D:1:      saegor_arrival_miasma, layout_basic, chequers_jeans
D:2:      layout_rooms

Skill      XL: |  1  2  3 |
---------------+----------+-----
Spellcasting   | 1 |  1.2
Conjurations   | 1 |  1.2
Hexes          | 1 |  1.2
Summonings     | 1 |  1.2
Necromancy     | 1 |  1.2
Translocations | 1 |  1.2
Fire Magic     | 1 |  1.2
Ice Magic      | 1 |  1.2
Air Magic      | 1 |  1.2
Earth Magic    | 1 |  1.2
Alchemy        | 1 |  1.2
Fighting       | |  3.2
Long Blades    | |  2.9
Armour         | |  1.5
Dodging        | |  2.5

Action                     || total
---------------------------++-------
  Melee: Falchion          ||   112
         Peck              ||     1
    Use: Scroll            ||     1
   Stab: Sleeping          ||     2
 Armour: Leather armour    ||    73
  Dodge: Dodged            ||   118

Table legend: (Time is in decaauts)
 A = Elapsed time spent in this place.
 B = Non-inter-level travel time spent in this place.
 C = Inter-level travel time spent in this place.
 D = Time resting spent in this place.
 E = Time spent auto-exploring this place.
 F = Levels seen in this place.
 G = Mean time per level.
                   A        B        C        D        E       F      G
               +--------+--------+--------+--------+--------+-----+--------+
         Total |   8923 |   8913 |     10 |   8289 |    411 |   2 | 4461.5 |
       Dungeon |   8923 |   8913 |     10 |   8289 |    411 |   2 | 4461.5 |
               +--------+--------+--------+--------+--------+-----+--------+

Top non-repeatable levels by time:
     D:1: 8922 daAuts
     D:2: 1 daAuts
